AoeStats
← TheQuietRiot

Black Forest

505250931Analyzed
1v1 RM · 24d ago on Sep 8, 2026· 93m 16s· 2 players
Game mode
Random Map
Map size
Tiny (2 player)
Population
200
Speed
Normal
Resources
Standard
Victory
Conquest
Starting age
Dark Age
Ending age
Imperial Age
RankedLock teamsTeams togetherTeam positionsShared explorationLock speedFull tech treeHidden civsTurbo modeCheats
Victory
Defeat
🇬🇧 Maya · United Kingdom
959
+15
🇬🇧 Britons · United Kingdom
934
-15
TheQuietRiot
10:10 Loom
12:24 Feudal Age
13:01 Double-Bit Axe
13:17 Man-at-Arms
16:09 Fletching
25:06 Castle Age
22:53 Horse Collar
24:21 Gold Mining
24:23 Stone Mining
26:37 Wheelbarrow
25:45 Crossbowman
26:24 Bodkin Arrow
29:44 Bow Saw
30:17 Heavy Plow
33:03 Hand Cart
32:51 Town Watch
33:24 Padded Archer Armor
34:37 Pikeman
35:20 Squires
35:32 Forging
36:46 Gold Shaft Mining
36:55 Ballistics
36:59 Gambesons
37:00 Arson
41:09 Imperial Age
41:15 Leather Archer Armor
41:35 Iron Casting
42:54 Halberdier
43:57 Onager
47:54 Elite Longbowman
48:23 Light Cavalry
49:05 Husbandry
50:09 Blast Furnace
49:10 Scale Mail Armor
49:16 Scale Barding Armor
49:11 Bracer
49:42 Ring Archer Armor
51:28 Conscription
51:30 Yeomen
61:15 Hoardings
60:41 Warwolf
69:17 Chain Mail Armor
72:06 Warwolf
75:32 Chemistry
75:16 Siege Engineers
76:59 Two-Man Saw
90:50 Plate Mail Armor
90:41 Chain Barding Armor
hypn0sist0AD
0:27 Loom
12:57 Feudal Age
14:54 Wheelbarrow
14:14 Town Watch
17:01 Castle Age
15:41 Horse Collar
15:49 Double-Bit Axe
16:04 Gold Mining
20:16 Fletching
25:29 Elite Skirmisher
28:49 Bodkin Arrow
33:29 Stone Mining
36:18 Imperial Age
34:42 Wheelbarrow
35:20 Stone Shaft Mining
35:43 Padded Archer Armor
36:51 Heavy Plow
36:49 Capped Ram
38:36 Squires
40:10 Hand Cart
40:36 Bow Saw
42:00 Conscription
42:28 Onager
44:13 Eagle Warrior
45:48 Ballistics
46:03 Crop Rotation
46:36 Siege Ram
47:30 Town Patrol
53:21 Pikeman
53:39 Crossbowman
54:33 Thumb Ring
56:03 Bracer
56:19 Leather Archer Armor
59:21 Ring Archer Armor
58:53 Scale Mail Armor
59:03 Forging
60:03 Chemistry
60:38 Hoardings
60:06 Arbalester
63:49 Chain Mail Armor
63:57 Elite Plumed Archer
65:36 Halberdier
67:17 Hul'che Javelineers
71:30 Plate Mail Armor
71:36 Iron Casting
71:41 Elite Eagle Warrior
71:48 Man-at-Arms
71:53 Elite Eagle Warrior
73:44 Masonry
73:48 Fortified Wall
73:48 Masonry
73:21 Treadmill Crane
75:07 Two-Man Saw
Connection lost

Rejoining the realm…

Still unreachable

The connection could not be restored.

Session expired

The server has moved on; the page needs a fresh start.